 Dungeon Crawl Stone Soup version 0.30-a0-219-gf2db51d15e (webtiles) character file.

Game seed: 13337477845865150558

44 KennySheep the Changer (level 3, -1/25 (26) HPs)
             Began as a Barachi Transmuter on Oct 8, 2022.
             Was an Initiate of Yredelemnul.
             Slain by Terence
             ... wielding the +7 Throatcutter {drain, coup de grace}
              (12 damage)
             ... on level 2 of the Dungeon.
             The game lasted 00:02:25 (916 turns).

KennySheep the Changer (Barachi Transmuter)          Turns: 916, Time: 00:02:26

HP:   -1/25 (26)    AC:  2    Str: 11    XL:     3   Next: 62%
MP:   6/6           EV: 12    Int: 15    God:    Yredelemnul [......]
Gold: 54            SH:  0    Dex: 12    Spells: 3/6 levels left

rFire   . . .      SeeInvis .      - Unarmed
rCold   . . .      Faith    .    (no shield)
rNeg    . . .      Spirit   .    a - +0 robe
rPois   .          Reflect  .    (helmet currently unavailable)
rElec   .          Harm     .    (no cloak)
rCorr   .          Rampage  .    (no gloves)
Will    .....                    (boots currently unavailable)
Stlth   +.........               (no amulet)
HPRegen 0.24/turn                (no ring)
MPRegen 0.10/turn                (no ring)

@: appendages, lightly drained, slow
A: horns 2, talons 2, amphibious, slowness 1, strong legs 1, +LOS
a: Hop, End Transformation, Renounce Religion, Recall Undead Harvest


You were on level 2 of the Dungeon.
You worshipped Yredelemnul.
Yredelemnul was noncommittal.
You had temporarily grown beastly horns and talons.
You visited 1 branch of the dungeon, and saw 2 of its levels.

You collected 54 gold pieces.

Inventory:

Armour
 a - a +0 robe (worn)
Scrolls
 c - a scroll of identify {unknown}
 d - a scroll of enchant armour {unknown}
 e - 2 scrolls of immolation {unknown}
 f - a scroll of blinking {unknown}
 g - a scroll of noise {unknown}
 i - a scroll of acquirement {unknown}
Potions
 b - 2 potions of lignification
 h - a potion of ambrosia {unknown}
 j - a potion of curing {unknown}


   Skills:
 - Level 1.2 Fighting
 - Level 2.1 Dodging
 - Level 3.2 Unarmed Combat
 - Level 2.1 Spellcasting
 + Level 3.3 Transmutations
 + Level 2.5 Ice Magic


You had 3 spell levels left.
You knew the following spells:

 Your Spells              Type           Power      Damage    Failure   Level
a - Beastly Appendage     Tmut           22%        N/A       5%          1
b - Wereblood             Tmut           11%        N/A       9%          2

Your spell library contained the following spells:

 Spells                   Type           Power      Damage    Failure   Level
 Spider Form              Tmut/Pois      6%         N/A       32%         3
 Ice Form                 Ice/Tmut       10%        N/A       54%         4


Dungeon Overview and Level Annotations

Branches:
Dungeon (2/15)

Altars:
Yredelemnul

Annotations:
D:2 Terence


Innate Abilities, Weirdness & Mutations

You have temporarily grown beastly horns and talons.
You are amphibious.
You cover ground slowly.
You can hop short distances.
You have an extended range of vision and can be seen from far away.


Message History

You punch the worm!
You kill the worm!
The dead are slithering!
You now have 54 gold pieces (gained 10).
You start resting.
HP restored.
Found a stone staircase leading up.
There is a stone staircase leading up here.
Found a stone staircase leading down.
There is a stone staircase leading down here.
You open the door.
Terence the Incautious comes into view.
He is wielding the +7 Throatcutter {drain, coup de grace}.
Terence is nearby!
There is an open door here.
Okay, then.
Casting: Beastly Appendage (safe; 5% risk of failure)
Confirm with . or Enter, or press ? or * to list all spells.
You grow a pair of large bovine horns.
Your feet morph into talons.
Your hobgoblin zombie barely misses Terence.
You hit Terence. Your kick misses Terence.
You headbutt Terence, but do no damage. You punch Terence, but do no damage.
Terence is lightly wounded.
Terence closely misses you.
You hit Terence but do no damage. You claw Terence, but do no damage.
Your punch misses Terence.
Terence is lightly wounded.
Your hobgoblin zombie hits Terence but does no damage.
Terence hits you with the +7 Throatcutter {drain, coup de grace}!
You feel drained.
Terence hits your hobgoblin zombie with the +7 Throatcutter {drain, coup de grace}!
Your hobgoblin zombie is destroyed!
Your rat zombie bites Terence but does no damage.
There is an open door here.
You aren't carrying any items that you can evoke.
Unknown command.
Your rat zombie bites Terence but does no damage.
Terence attacks as you move away!
Terence hits you with the +7 Throatcutter {drain, coup de grace}!
You die...
Your body rises from the dead as a mindless zombie.

##########
.........######
#######.....Z.#
#.....##.#
##..@###Z######## ##@##
#>.Z.....##### #.#
######........ #.#
#.#.##### ##Z## #.#.#
#...# #.#.### #.....#
#.#...# #.......#
##.###.#
#.........####...##.###


You could see Terence (ally target), a friendly rat zombie and a friendly worm
zombie.

Vanquished Creatures
  An adder (D:2)
  A worm (D:2)
  3 ball pythons
  A bat (D:1)
  An endoplasm (D:1)
  2 giant cockroaches (D:1)
  3 goblins (D:1)
  6 hobgoblins
  2 quokkas (D:1)
  A frilled lizard (D:1)
  A kobold (D:2)
  3 rats
25 creatures vanquished.

Vanquished Creatures (collateral kills)
  2 bats (D:1)
  A quokka (D:1)
3 creatures vanquished.

Vanquished Creatures (others)
  A hobgoblin zombie (D:2)
1 creature vanquished.

Grand Total: 29 creatures vanquished

Notes
Turn   | Place    | Note
-------+----------+-------------------------------------------
     0 | D:1      | KennySheep the Barachi Transmuter began the quest for the
                  | Orb.
     0 | D:1      | Reached XP level 1. HP: 15/15 MP: 3/3
   121 | D:1      | Reached skill level 1 in Ice Magic
   128 | D:1      | Reached XP level 2. HP: 8/21 MP: 3/5
   133 | D:1      | Learned a level 2 spell: Wereblood
   329 | D:1      | Found a faded altar of an unknown god.
   333 | D:1      | Prayed at the altar of an unknown god.
   333 | D:1      | Became a worshipper of Yredelemnul the Dark
   469 | D:1      | Reached * piety under Yredelemnul
   503 | D:1      | Reached XP level 3. HP: 23/26 MP: 6/6
   904 | D:2      | Noticed Terence
   916 | D:2      | Slain by Terence

Illustrated notes

Levels and vault maps discovered:
D:1:      mainiacjoe_arrival_reflecting_pool, layout_rooms,
          shapermc_ecumenical_altar_acropolis, grunt_decor_one_mirror,
          minmay_misc_feat_rugged, minmay_circled_x
D:2:      layout_loops_corners, serial_glass, glass_columns_b, glass_columns_a,
          glass_columns_a, glass_columns_b, glass_columns_a, glass_columns_c,
          nicolae_underground_beach, uniq_terence

Skill      XL: |  1  2 |
---------------+-------+-----
Ice Magic      | 1 2 |  2.5
Transmutations | 3 |  3.3
Fighting       | |  1.2
Dodging        | |  2.1
Unarmed Combat | |  3.2
Spellcasting   | |  2.1

Action                   || total
-------------------------++-------
Melee: Unarmed           ||    90
       Kick              ||    11
       Headbutt          ||     5
       Punch             ||     4
 Cast: Beastly Appendage ||     6
Armor: Robe              ||    25
Dodge: Dodged            ||    75

Table legend: (Time is in decaauts)
 A = Elapsed time spent in this place.
 B = Non-inter-level travel time spent in this place.
 C = Inter-level travel time spent in this place.
 D = Time resting spent in this place.
 E = Time spent auto-exploring this place.
 F = Levels seen in this place.
 G = Mean time per level.
                   A        B        C        D        E       F      G
               +--------+--------+--------+--------+--------+-----+--------+
         Total |   1015 |   1013 |      2 |    183 |    593 |   2 |  507.5 |
       Dungeon |   1015 |   1013 |      2 |    183 |    593 |   2 |  507.5 |
               +--------+--------+--------+--------+--------+-----+--------+

Top non-repeatable levels by time:
     D:1: 748 daAuts
     D:2: 267 daAuts
